 Dungeon Crawl Stone Soup version 0.22.0-49-gab54619 (webtiles) character file.

6381 Elystan the Fighter (level 10, 0/90 HPs)
             Began as a Hill Orc Monk on Sept 7, 2018.
             Was an Elder of Beogh.
             Slain by a hog (8 damage)
             ... on level 9 of the Dungeon.
             The game lasted 00:54:44 (10540 turns).

Elystan the Fighter (Hill Orc Monk)                Turns: 10540, Time: 00:54:45

Health: 0/90       AC: 13    Str: 16    XL:     10   Next: 97%
Magic:  10/10      EV: 11    Int: 10    God:    Beogh [****..]
Gold:   414        SH:  8    Dex: 15    Spells: 9/9 levels left

rFire    + + .     SeeInvis .   O - +0 falchion (vamp)
rCold    . . .     Gourm    .   A - +0 shield {rF+}
rNeg     . . .     Faith    .   s - +1 ring mail {rF+}
rPois    .         Spirit   .   j - +0 hat {MR+}
rElec    .         Reflect  .   t - +0 cloak
rCorr    .         Harm     .   (no gloves)
MR       +....                  p - +1 pair of boots
Stlth    ++++......             (no amulet)
HPRegen  0.25/turn              g - ring of stealth
MPRegen  0.12/turn              r - ring of stealth

@: no status effects
A: icy blue scales 1, sturdy frame 1
a: Smiting, Recall Orcish Followers, Renounce Religion


You were on level 9 of the Dungeon.
You worshipped Beogh.
Beogh was greatly pleased with you.
You were not hungry.

You visited 1 branch of the dungeon, and saw 9 of its levels.
You also visited: Sewer.

You collected 414 gold pieces.

Inventory:

Hand Weapons
 a - a +2 dagger of electrocution
 f - a +1 dire flail of protection
 h - a +0 dagger of electrocution
 i - a +2 quarterstaff of chaos
 C - a +2 halberd of venom
 F - a +0 rapier of draining
 J - a +0 glaive
 N - a +3 trident
 O - a +0 vampiric falchion (weapon)
 R - a -1 spear of freezing
Missiles
 z - 15 tomahawks (quivered)
Armour
 j - a +0 hat of magic resistance (worn)
 p - a +1 pair of boots (worn)
 s - a +1 ring mail of fire resistance (worn)
 t - a +0 cloak (worn)
 A - a +0 shield of fire resistance (worn)
Jewellery
 g - a ring of stealth (left hand)
 r - a ring of stealth (right hand)
Wands
 o - a wand of iceblast (20)
 v - a wand of polymorph (9)
 y - a wand of paralysis (11)
 E - a wand of digging (18)
 P - a wand of clouds (4)
Scrolls
 b - 4 scrolls of remove curse
 d - 3 scrolls of enchant armour {unknown}
 e - 2 scrolls of immolation {unknown}
 k - 3 scrolls of holy word
 l - 5 scrolls of teleportation
 m - 3 scrolls of fog
 w - a scroll of noise {unknown}
 D - 2 scrolls of blinking {unknown}
 H - 2 scrolls of magic mapping
 K - a scroll of brand weapon {unknown}
 L - 4 scrolls of identify
 Q - a scroll of random uselessness {unknown}
Potions
 n - 2 potions of haste
 q - a potion of flight {unknown}
 u - 2 potions of might
 x - 3 potions of curing
 B - a potion of brilliance {unknown}
 G - 2 potions of heal wounds
 I - 4 potions of magic
 M - a potion of agility {unknown}
Comestibles
 c - 6 rations


   Skills:
 + Level 8.7 Fighting
 + Level 1.7 Short Blades
 + Level 0.2(1.2) Long Blades
   Level 6.5(10.9) Axes
 + Level 8.1(8.9) Maces & Flails
 + Level 8.4(9.1) Polearms
 + Level 0.8 Throwing
 + Level 7.3 Armour
 + Level 4.3 Dodging
 + Level 3.3 Stealth
 + Level 2.5 Shields


You had 9 spell levels left.
You didn't know any spells.
Your spell library contained the following spells:

 Spells                   Type           Power        Failure   Level  Hunger
 Cause Fear               Hex            #.........   100%        4    #####..
 Silence                  Hex/Air        #.........   100%        5    ######.
 Yara's Violent Unravell  Hex/Tmut       #.........   100%        5    ######.
 Deflect Missiles         Chrm/Air       #.........   100%        6    #######
 Discord                  Hex            #.........   100%        8    #######


Dungeon Overview and Level Annotations

Branches:
Dungeon (9/15)             Temple (0/1) D:7            Lair (0/6) D:8
    Orc: D:9-12

Altars:
Cheibriados
Gozag
Hepliaklqana
Makhleb
Okawaru
Qazlal
Ru
Xom
Zin


Innate Abilities, Weirdness & Mutations

You are partially covered in icy blue scales. (AC +2)
Your movements are slightly less encumbered by armour. (ER -2)


Message History

You block the hog's attack. The hog bites you!
* * * LOW HITPOINT WARNING * * *
The hog bites you but does no damage.
The hog bites Margrim.
The goblin hits you but does no damage.
You hit the hog.
You feel better.
The hog is moderately wounded.
The hog bites Margrim.
The hog bites you!
* * * LOW HITPOINT WARNING * * *
The goblin closely misses you.
The hog misses Margrim.
The hog bites you.
* * * LOW HITPOINT WARNING * * *
You hit the hog.
The hog is moderately wounded.
The human hits Margrim but does no damage.
The hog bites Margrim but does no damage.
The hog bites you but does no damage. The goblin hits you but does no damage.
Margrim hits the hog with a +1 falchion!
The human hits Margrim with a hand axe!
The hog closely misses Margrim.
Margrim barely misses the hog.
The hog bites you!
You die...

..#
#..#..#......†#
#.. ..#
##†#####.......#
#.. ..#
#..............#
#.. ..#
####.............#
#.. ..#
#................#
#.. ..#
#.##...p#######..#
#.) ###
#.#...ho≈g≈...#..#
###
#.....h.≈≈≈.8.####
#.....@....8_8#
##......≈≈≈.8.#
##.....≈g≈...#
#############


You could see 2 hogs, a human, 2 goblins and the friendly Margrim the orc
knight.

Vanquished Creatures
  Harold (D:9)
  Pikel (D:6)
  2 hogs (D:9)
  A yak (D:8)
  Edmund (D:5)
  A porcupine (D:8)
  2 orc warriors
  4 slaves (D:6)
  5 phantoms
  3 ogres
  A wolf (D:9)
  3 centaurs
  A crocodile (D:8)
  3 big kobolds
  Blork the orc (D:5)
  7 bullfrogs
  A wyvern zombie (D:6)
  2 scorpions (D:5)
  A howler monkey (D:8)
  4 wights (D:8)
  2 crimson imps
  5 jellies
  2 quasits (D:9)
  3 hounds
  3 orc priests
  Crazy Yiuf (D:3)
  8 orc wizards
  2 bullfrog skeletons
  An iguana (D:8)
  4 worker ants
  5 gnolls
  14 adders
  A howler monkey skeleton (D:5)
  5 oozes
  An adder skeleton (D:7)
  3 worms
  2 dart slugs (D:1)
  4 leopard geckos
  30 orcs
  A ball python (Sewer)
  8 giant cockroaches
  5 goblins (D:1)
  9 hobgoblins
  12 jackals
  19 kobolds
  5 quokkas
  6 bats (D:1)
  4 frilled lizards
  A leopard gecko skeleton (D:7)
  A quokka skeleton (D:5)
  5 rats
217 creatures vanquished.

Vanquished Creatures (collateral kills)
  The ghost of Americanboy the Cleaver, a novice MiFi of Okawaru (D:8)
  Joseph (D:9)
  Grum (D:9)
  An orc warrior (D:6)
  A sky beast (D:9)
  A phantom (D:7)
  An ice beast (D:9)
  An ogre (D:8)
  A wolf (D:9)
  A bullfrog (D:9)
  2 orc wizards
  2 iguanas
  2 worker ants (D:9)
  A worker ant zombie (D:9)
  An adder (D:9)
  2 gnolls (D:6)
  A leopard gecko (D:9)
  3 orcs
  A plant (D:8)
25 creatures vanquished.

Vanquished Creatures (others)
  An orc warrior (D:8)
  3 orc priests
  4 orc wizards
  8 orcs
  4 fungi (D:8)
  A plant (D:8)
21 creatures vanquished.

Grand Total: 263 creatures vanquished

Notes
Turn   | Place    | Note
-------+----------+-------------------------------------------
     0 | D:1      | Elystan the Hill Orc Monk began the quest for the Orb.
     0 | D:1      | Reached XP level 1. HP: 19/19 MP: 1/1
   284 | D:1      | Reached XP level 2. HP: 27/27 MP: 2/2
   702 | D:1      | Reached XP level 3. HP: 30/33 MP: 3/3
  1027 | D:2      | Found a shimmering altar of Xom.
  1386 | D:2      | Reached XP level 4. HP: 27/40 MP: 4/4
  2121 | D:2      | Reached skill level 1 in Short Blades
  2918 | D:3      | Found an opulent altar of Gozag.
  2960 | D:3      | Reached XP level 5. HP: 47/47 MP: 5/5
  3310 | D:3      | Found a runed door.
  3582 | D:3      | Noticed Crazy Yiuf
  3608 | D:3      | Killed Crazy Yiuf
  3851 | D:4      | Noticed a phantom
  3922 | D:4      | Noticed a centaur
  3925 | D:4      | HP: 2/47 [centaur/arrow (6)]
  3926 | D:5      | Entered Level 5 of the Dungeon
  3926 | D:5      | Noticed Edmund
  3963 | D:5      | Reached skill level 5 in Axes
  4252 | D:5      | Gained mutation: You are partially covered in icy blue
                  | scales. (AC +2) [potion of mutation]
  4252 | D:5      | Gained mutation: Your movements are slightly less
                  | encumbered by armour. (ER -2) [potion of mutation]
  4307 | D:5      | Found a stormy altar of Qazlal.
  4346 | D:5      | Reached XP level 6. HP: 52/55 MP: 6/6
  4350 | D:5      | Reached skill level 5 in Fighting
  4350 | D:5      | Reached skill level 1 in Armour
  4360 | D:5      | Became a worshipper of Beogh the Brigand
  4360 | D:5      | Reached * piety under Beogh
  4360 | D:5      | Reached ** piety under Beogh
  4504 | D:5      | Killed Edmund
  4822 | D:5      | Noticed a phantom
  4846 | D:5      | Reached skill level 1 in Maces & Flails
  4854 | D:5      | Killed a phantom
  4854 | D:5      | Reached XP level 7. HP: 43/61 MP: 7/7
  4995 | D:5      | Noticed Blork the orc
  5030 | D:5      | Reached skill level 1 in Shields
  5048 | D:5      | Killed Blork the orc
  5288 | D:4      | Reached XP level 8. HP: 18/70 MP: 8/8
  5502 | D:4      | Reached skill level 5 in Maces & Flails
  6066 | D:6      | Found a glowing drain.
  6070 | Sewer    | Entered a sewer
  6110 | Sewer    | Reached *** piety under Beogh
  6836 | D:6      | Noticed Pikel
  6878 | D:6      | Killed Pikel
  6878 | D:6      | Reached XP level 9. HP: 70/78 MP: 9/9
  6896 | D:6      | Found a snail-covered altar of Cheibriados.
  6962 | D:6      | Reached skill level 5 in Armour
  6973 | D:6      | Found a sacrificial altar of Ru.
  6973 | D:6      | Found a hazy altar of Hepliaklqana.
  7329 | D:6      | Reached skill level 1 in Polearms
  7529 | D:7      | Found a burning altar of Makhleb.
  7550 | D:7      | Found a staircase to the Ecumenical Temple.
  8303 | D:8      | Noticed Americanboy's ghost (novice MiFi)
  8304 | D:8      | Found a runed door.
  8325 | D:8      | Reached skill level 5 in Polearms
  8330 | D:8      | Reached **** piety under Beogh
  8356 | D:8      | Gained Hilgar as an ally
  8358 | D:8      | Reached XP level 10. HP: 44/86 MP: 10/10
  8643 | D:8      | Found a staircase to the Lair.
  8851 | D:8      | Your ally Hilgar died
  8969 | D:8      | Found a glowing silver altar of Zin.
  9417 | D:8      | Killed Americanboy's ghost
  9473 | D:9      | Noticed Harold
  9482 | D:9      | Gained Margrim as an ally
  9517 | D:9      | Killed Harold
  9855 | D:9      | Noticed Grum
  9877 | D:9      | Killed Grum
 10143 | D:9      | Noticed Joseph
 10155 | D:9      | Killed Joseph
 10503 | D:9      | Found an iron altar of Okawaru.
 10540 | D:9      | Slain by a hog

Skill      XL: |  1  2  3  4  5  6  7  8  9 10 |
---------------+-------------------------------+-----
Fighting       | 4 5 6 7 8 |  8.7
Stealth        | 2 3 |  3.3
Short Blades   | 1 |  1.7
Dodging        | 3 4 |  4.3
Axes           | 5 6 |  6.5
Armour         | 2 4 5 7 |  7.3
Maces & Flails | 1 4 8 |  8.1
Shields        | 1 2 |  2.5
Polearms       | 6 8 |  8.4
Long Blades    | |  0.2
Throwing       | |  0.8

Action                   |  1- 3 |  4- 6 |  7- 9 | 10-12 || total
-------------------------+-------+-------+-------+-------++-------
Melee: Short sword       |    78 |    69 |       |       ||   147
       Hand axe          |     7 |       |       |       ||     7
       War axe           |       |   124 |       |       ||   124
       Dire flail        |       |    57 |   301 |       ||   358
       Unarmed           |       |       |     2 |       ||     2
       Halberd           |       |       |   167 |    19 ||   186
       Trident           |       |       |       |   148 ||   148
       Falchion          |       |       |       |    54 ||    54
Throw: Tomahawk          |       |    13 |     1 |     4 ||    18
       Throwing net      |       |       |       |     1 ||     1
Invok: Convert to Beogh  |       |     1 |       |       ||     1
       Recall Orcish Fol |       |       |       |     1 ||     1
  Use: Scroll            |       |    13 |     5 |     1 ||    19
       Potion            |       |     6 |     2 |     3 ||    11
 Stab: Sleeping          |     5 |     2 |       |     2 ||     9
       Invisible         |       |     1 |       |       ||     1
       Distracted        |       |       |     1 |     1 ||     2
  Eat: Chunk             |     1 |     7 |    10 |     3 ||    21
       Ration            |       |     1 |     1 |     3 ||     5
Armor: Robe              |    22 |     1 |       |       ||    23
       Chain mail        |       |   152 |   215 |    46 ||   413
       Skin              |       |     8 |    80 |       ||    88
       Ring mail         |       |       |       |    57 ||    57
Dodge: Dodged            |    69 |    93 |   212 |    94 ||   468
Block: Shield            |       |    33 |       |    83 ||   116
       Rpst.: Falchion   |       |       |       |    14 ||    14
